 Dungeon Crawl Stone Soup version 0.23.2-30-g0e89c35649 (webtiles) character file.

Game seed: 18327714865504828291

5497 Dasit the Slasher (level 10, -17/51 HPs)
             Began as a Vine Stalker Warper on June 15, 2019.
             Was a Believer of Makhleb.
             Demolished by an orc warrior
             ... wielding a +0 halberd
              (22 damage)
             ... on level 8 of the Dungeon.
             The game lasted 00:20:36 (11702 turns).

Dasit the Slasher (Vine Stalker Warper)            Turns: 11702, Time: 00:20:37

Health: -17/51     AC: 11    Str: 21    XL:     10   Next: 69%
Magic:  0/19       EV: 11    Int: 13    God:    Makhleb [**....]
Gold:   106        SH:  0    Dex: 15    Spells: 16/20 levels left

rFire    . . .     SeeInvis .   m - +0 long sword
rCold    . . .     Gourm    .   (no shield)
rNeg     . . .     Faith    .   r - +1 scale mail
rPois    .         Spirit   +   (no helmet)
rElec    .         Reflect  .   (no cloak)
rCorr    .         Harm     .   (no gloves)
MR       +....                  s - +2 pair of boots
Stlth    ..........             x - amulet of regeneration
HPRegen  0.97/turn              j - +5 ring of strength
MPRegen  0.16/turn              (no ring)

@: drained
A: fangs 3, regeneration 1, magic shield, antimagic bite, no potion heal 3, rot
immunity
a: Minor Destruction, Renounce Religion


You were on level 8 of the Dungeon.
You worshipped Makhleb.
Makhleb was pleased with you.
You were hungry.

You visited 2 branches of the dungeon, and saw 10 of its levels.
You also visited: Sewer.

You collected 344 gold pieces.
You spent 238 gold pieces at shops.

Inventory:

Hand Weapons
 m - a +0 long sword (weapon)
Missiles
 e - 3 tomahawks of dispersal
 y - a throwing net (quivered)
Armour
 b - a +2 large shield
 p - the +1 chain mail of the Turtledove {rF+ rC+ Int-5}
   (You found it on level 5 of the Dungeon)

   It affects your intelligence (-5).
   It protects you from fire.
   It protects you from cold.
 r - a +1 scale mail (worn)
 s - a +2 pair of boots (worn)
Jewellery
 h - an uncursed ring of ice
 j - a +5 ring of strength (left hand)
 t - an uncursed ring of protection from magic {unknown}
 x - an amulet of regeneration (around neck)
Wands
 g - a wand of acid (9)
 l - a wand of flame (1)
 w - a wand of iceblast (7)
Scrolls
 i - a scroll of magic mapping
 q - 6 scrolls of teleportation
 u - a scroll of remove curse
Potions
 c - a potion of mutation {unknown}
 d - 3 potions of flight
 k - a potion of cancellation
 n - 4 potions of curing {unknown}
 o - a potion of haste {unknown}
 z - a potion of lignification {unknown}
Comestibles
 f - 11 rations


   Skills:
 * Level 5.3(4.2) Fighting
 + Level 6.2(5.0) Long Blades
 - Level 0.8(0.0) Throwing
 + Level 5.2(4.1) Armour
 * Level 4.4(3.3) Dodging
 - Level 0.1(0.0) Shields
 * Level 5.5(4.4) Spellcasting
 * Level 4.6(3.5) Charms
 * Level 5.6(4.5) Translocations
 * Level 3.2(2.1) Invocations
 * Level 3.8(2.7) Evocations


You had 16 spell levels left.
You knew the following spells:

 Your Spells              Type           Power        Failure   Level  Hunger
a - Blink                 Tloc           N/A          12%         2    ##.....
b - Shroud of Golubria    Chrm/Tloc      ##........   16%         2    ##.....

Your spell library contained the following spells:

 Spells                   Type           Power        Failure   Level  Hunger
 Gell's Gravitas          Tloc           ##........   24%         3    ###....
 Lesser Beckoning         Tloc           ##........   24%         3    ###....
 Teleport Other           Tloc           ##......     24%         3    ###....
 Passage of Golubria      Tloc           N/A          61%         4    ####...


Dungeon Overview and Level Annotations

Branches:
Dungeon (9/15)             Temple (1/1) D:6            Lair (0/6) D:8
    Orc: D:9-12

Altars:
Ashenzari
Dithmenos
Elyvilon
Fedhas
Gozag
Hepliaklqana
Kikubaaqudgha
Makhleb
Nemelex Xobeh
Okawaru
Qazlal
Ru
Trog
Vehumet
Wu Jian
Xom
Yredelemnul
Zin
The Shining One

Shops:
D:7 *


Innate Abilities, Weirdness & Mutations

You have razor-sharp teeth.
Your natural rate of healing is unusually fast.
When hurt, damage is shared between your health and your magic reserves.
Your bite disrupts and absorbs the magic of your enemies.
Potions cannot restore your health.
You are immune to rotting.


Message History

The orc warrior is severely wounded.
You hit the orc warrior but do no damage.
Your bite misses the orc warrior.
The orc warrior is severely wounded.
The orc warrior closely misses you.
You riposte.
You hit the orc warrior but do no damage.
The orc warrior is severely wounded.
You barely miss the orc warrior.
The orc warrior is severely wounded.
You are feeling hungry.
The orc warrior hits you with a +0 halberd!
Your shroud falls apart!
All of the chunks of flesh in your inventory have rotted away.
You hit the orc warrior but do no damage.
You bite the orc warrior, but do no damage.
The orc warrior is severely wounded.
The orc warrior hits you with a +0 halberd!!
* * * LOW HITPOINT WARNING * * *
The orc warrior hits you from afar with a +0 halberd!!
You die...

#
##...........####....
#
##.o((....###..##....P
# #.(###(..##
##<##..... # ##.##
#....# ##.P.P..P #
###.## #oo..##
##..P... ### ##.o##
#oo#..## #P..P.P
..######o(##
#o####.####..P.P.
.o.o.((.(## ##)#
##..##...P..
#######..# #@##
#....P..P.. # ####
#..# ##.....P..P #..##
###....P..
#########...# ##....P.
##...........# ##.P..P
###...........##
##...P..
#####.....#########
##.....P. ........###
#..###... )......##
###.## ###.


You could see an orc warrior and 4 orcs.

Vanquished Creatures
  A two-headed ogre (D:8)
  Grinder (D:4)
  A hornet (D:8)
  2 hippogriffs
  2 yaks (D:8)
  A wyvern (D:8)
  A hungry ghost (D:9)
  4 porcupines (D:8)
  2 orc warriors (D:8)
  4 sky beasts
  2 phantoms
  4 ogres
  A centaur (D:8)
  A big kobold (Sewer)
  5 bullfrogs
  3 scorpions
  5 killer bees (D:8)
  A water moccasin skeleton (D:5)
  A howler monkey (D:4)
  5 crimson imps
  A centaur skeleton (D:8)
  2 orc priests
  7 hounds
  2 jellies
  An orc wizard (D:3)
  3 iguanas
  5 worker ants
  A hound zombie (D:7)
  2 hound skeletons (D:5)
  2 worker ant zombies
  14 gnolls
  A howler monkey skeleton (D:7)
  12 adders
  2 river rats (Sewer)
  A shadow imp (D:8)
  An adder zombie (D:6)
  4 worms
  2 dart slugs
  8 leopard geckos
  17 orcs
  7 giant cockroaches
  4 goblins
  4 hobgoblins
  28 jackals
  6 quokkas
  9 bats
  11 frilled lizards
  24 kobolds
  A leopard gecko zombie (D:7)
  13 rats
242 creatures vanquished.

Vanquished Creatures (others)
  35 fungi (D:8)
  18 plants
53 creatures vanquished.

Grand Total: 295 creatures vanquished

Notes
Turn   | Place    | Note
-------+----------+-------------------------------------------
     0 | D:1      | Dasit the Vine Stalker Warper began the quest for the Orb.
     0 | D:1      | Reached XP level 1. HP: 11/11 MP: 4/4
   255 | D:1      | Reached XP level 2. HP: 7/15 MP: 3/6
   509 | D:1      | Reached skill level 1 in Armour
   873 | D:1      | Reached skill level 2 in Long Blades
  1072 | D:1      | Reached XP level 3. HP: 18/18 MP: 7/7
  1076 | D:1      | Learned a level 2 spell: Blink
  1079 | D:1      | Learned a level 2 spell: Shroud of Golubria
  2286 | D:2      | Gained mutation: Your natural rate of healing is unusually
                  | fast. [Vine Stalker growth]
  2286 | D:2      | Reached XP level 4. HP: 21/23 MP: 7/9
  2528 | D:2      | Found a shimmering altar of Xom.
  2530 | D:2      | Found a radiant altar of Vehumet.
  3389 | D:3      | Found a glowing drain.
  3432 | Sewer    | Entered a sewer
  3450 | Sewer    | Reached XP level 5. HP: 9/27 MP: 2/10
  3538 | Sewer    | Noticed a big kobold
  3584 | Sewer    | Killed a big kobold
  3650 | Sewer    | Found a white marble altar of Elyvilon.
  3985 | D:3      | Reached skill level 1 in Charms
  3993 | D:3      | Reached XP level 6. HP: 29/32 MP: 11/11
  4651 | D:4      | Found a bloodstained altar of Trog.
  4746 | D:4      | Noticed Grinder
  4781 | D:4      | Killed Grinder
  4781 | D:4      | Reached skill level 3 in Long Blades
  4781 | D:4      | Reached XP level 7. HP: 28/36 MP: 7/13
  5584 | D:4      | Reached skill level 1 in Evocations
  5916 | D:5      | Entered Level 5 of the Dungeon
  6160 | D:5      | Gained mutation: You have razor-sharp teeth. [Vine Stalker
                  | growth]
  6160 | D:5      | Reached XP level 8. HP: 40/40 MP: 14/14
  6364 | D:5      | Got a dazzling chain mail
  6375 | D:5      | Identified the cursed +1 chain mail of the Turtledove {rF+
                  | rC+ Int-5} (You found it on level 5 of the Dungeon)
  6555 | D:6      | Found a sparkling altar of Nemelex Xobeh.
  6642 | D:6      | Reached skill level 4 in Long Blades
  7004 | D:6      | Found a staircase to the Ecumenical Temple.
  7016 | Temple   | Entered the Ecumenical Temple
  7170 | Temple   | Became a worshipper of Makhleb the Destroyer
  8059 | D:7      | Reached XP level 9. HP: 28/45 MP: 16/16
  8361 | D:7      | Reached skill level 1 in Invocations
  8457 | D:7      | Found Sous's Assorted Antiques.
  8500 | D:7      | Found an ancient bone altar of Kikubaaqudgha.
  8898 | D:7      | Reached * piety under Makhleb
  9347 | D:7      | Bought a large steel amulet for 170 gold pieces
  9347 | D:7      | Bought a scroll labeled UHIOTI XUDATA for 34 gold pieces
  9347 | D:7      | Bought a scroll labeled NIUQYI CYCZAWIH for 34 gold pieces
  9713 | D:8      | Noticed a two-headed ogre
  9753 | D:8      | Killed a two-headed ogre
  9753 | D:8      | Reached skill level 5 in Long Blades
  9753 | D:8      | Reached skill level 5 in Translocations
  9940 | D:8      | Reached skill level 5 in Spellcasting
 10113 | D:8      | Found a staircase to the Lair.
 10128 | D:8      | Reached XP level 10. HP: 51/51 MP: 14/18
 10324 | D:8      | Reached skill level 5 in Fighting
 10330 | D:8      | Reached skill level 5 in Armour
 10336 | D:8      | Reached ** piety under Makhleb
 10634 | D:8      | Reached skill level 6 in Long Blades
 10680 | D:8      | Paralysed by a hornet for 3 turns
 11702 | D:8      | Demolished by an orc warrior

Skill      XL: |  1  2  3  4  5  6  7  8  9 10 |
---------------+-------------------------------+-----
Fighting       | 2 3 4 5 |  5.3
Armour         | 1 2 3 4 5 |  5.2
Long Blades    | 2 3 4 5 6 |  6.2
Dodging        | 2 3 4 |  4.4
Spellcasting   | 3 4 5 |  5.5
Charms         | 1 2 3 4 |  4.6
Evocations     | 1 2 3 |  3.8
Translocations | 4 5 |  5.6
Invocations    | 2 3 |  3.2
Throwing       | |  0.8
Shields        | |  0.1

Action                   |  1- 3 |  4- 6 |  7- 9 | 10-12 || total
-------------------------+-------+-------+-------+-------++-------
Melee: Falchion          |   152 |   302 |   442 |   134 ||  1030
       Bite              |    44 |    78 |   186 |    80 ||   388
       Long sword        |       |       |       |    51 ||    51
Throw: Tomahawk          |       |     2 |       |       ||     2
 Cast: Shroud of Golubri |       |     2 |     1 |     3 ||     6
Evoke: Wand              |       |     6 |     1 |       ||     7
  Use: Scroll            |       |     9 |     9 |     3 ||    21
       Potion            |       |       |     2 |     2 ||     4
 Stab: Sleeping          |     1 |       |       |       ||     1
       Distracted        |       |     1 |       |       ||     1
       Invisible         |       |       |     2 |       ||     2
  Eat: Chunk             |     5 |     8 |    14 |     7 ||    34
       Ration            |       |       |     1 |     1 ||     2
Armor: Leather armour    |    26 |    13 |       |       ||    39
       Ring mail         |       |    78 |       |       ||    78
       Scale mail        |       |     6 |    69 |    32 ||   107
       Chain mail        |       |       |   175 |    89 ||   264
Dodge: Dodged            |    95 |   192 |   228 |   162 ||   677
Block: Large shield      |       |    12 |       |       ||    12
       Rpst.: Falchion   |    31 |    49 |    77 |    38 ||   195
       Long sword        |       |       |       |    15 ||    15
